 Dungeon Crawl Stone Soup version 0.30-a0-879-ga8ba668304 (console) character file.

Game seed: 3874193585785027588

416 Abuh the Chopper (level 6, -1/51 HPs)
             Began as a Hill Orc Fighter on Mar 14, 2023.
             Slain by Menkaure (14 damage)
             ... in an ossuary.
             The game lasted 00:11:46 (3053 turns).

Abuh the Chopper (Hill Orc Fighter)                 Turns: 3053, Time: 00:11:47

Health: -1/51      AC:  6    Str: 20 (21) XL:     6   Next: 92%
Magic:  6/6        EV:  9    Int:  5 (8)  God:
Gold:   159        SH:  8    Dex:  7 (10) Spells: 5/5 levels left

rFire   + . .      SeeInvis .    a - +0 war axe
rCold   x . .      Faith    .    c - +0 buckler
rNeg    . . .      Spirit   .    b - +0 scale mail
rPois   .          Reflect  .    (no helmet)
rElec   .          Rampage  .    (no cloak)
rCorr   .                        (no gloves)
Will    .....                    (no boots) Stlth
                                 (no amulet)
HPRegen 0.28/turn                i - ring of fire
MPRegen 0.10/turn                (no ring)

@: attractive
A: large bone plates 1, frail 1, sense surroundings 1
a: no special abilities


You were in an ossuary.
You visited 1 branch of the dungeon, and saw 4 of its levels.
You also visited: Sewer and Ossuary.

You collected 159 gold pieces.

Inventory:

Hand Weapons
 a - a +0 war axe (weapon)
Armour
 b - a +0 scale mail (worn)
 c - a +0 buckler (worn)
Jewellery
 i - a ring of fire (left hand)
Wands
 p - a wand of flame (23)
Scrolls
 e - a scroll of noise
 g - a scroll of enchant armour {unknown}
 j - 2 scrolls of blinking
 k - a scroll of amnesia {unknown}
 m - 3 scrolls of fear
 q - a scroll of teleportation
Potions
 h - a potion of brilliance {unknown}
 l - a potion of cancellation {unknown}
 n - a potion of heal wounds {unknown}
 o - a potion of resistance {unknown}


   Skills:
 + Level 5.9 Fighting
 * Level 7.9 Axes
 - Level 3.2 Armour
 - Level 3.2 Shields


You had 5 spell levels left.
You didn't know any spells.
Your spell library contained the following spells:

 Spells                   Type           Power      Damage    Failure   Level
 Sandblast                Erth           0%         2d4       89%         1
 Sting                    Tmut/Pois      0%         1d3       89%         1
 Passwall                 Tmut/Erth      0%         N/A       96%         2
 Poisonous Vapours        Pois/Air       0%         N/A       96%         2
 Stone Arrow              Conj/Erth      0%         3d7       99%         3
 Olgreb's Toxic Radiance  Pois           0%         N/A       100%        4


Dungeon Overview and Level Annotations

Branches:
Dungeon (4/15)              Sewer (visited)         Ossuary (1/1)
 Temple: D:4-7

Altars:

Annotations:
Ossuary Menkaure


Innate Abilities, Weirdness & Mutations

You are partially covered in large bone plates. (SH +4)
You are frail. (-10% HP)
You passively map a small area around you.


Message History

You destroy the centaur zombie!
You start resting.
HP restored.
You open the door.
Menkaure and 4 mummies come into view.
Found a fizzy inky potion, a scroll of vulnerability, a potion of might, a scroll labelled POSITZ TOPLAY, 4 white potions, 44 gold pieces, a scroll of poison and a scroll of identify.
Found a gate leading back out of this place.
Okay, then.
There is an open door, spattered with blood here.
There is an open door here.
You hit the mummy.
The mummy is lightly damaged.
You slash the mummy!
The mummy is severely damaged.
The mummy barely misses you.
You hit Menkaure.
Menkaure is moderately damaged.
You hit the mummy but do no damage. Menkaure hits you!
Blink to where?
Press: ? - help, Dir - move target
As you read the scroll of blinking, it crumbles to dust.
Menkaure calls on the powers of darkness!
Your body is wracked with pain!
* * * LOW HITPOINT WARNING * * *
It was a potion of attraction.
You feel attractive to monsters.
It was a potion of degeneration.
There was something very wrong with that liquid.
You feel weakened.
You feel dopey.
You feel clumsy. Menkaure is attracted toward you.
Menkaure is attracted toward you.
You completely miss Menkaure.
Menkaure is moderately damaged.
Menkaure calls on the powers of darkness!
Your body is wracked with pain!
* * * LOW HITPOINT WARNING * * *
You slash Menkaure!
Menkaure is severely damaged.
Menkaure hits you!
You die...

###############################
#∩...........................∩#
#..M.....M@...................#
#.§###'###'###'###'###'#####..#
#..#...#...#...#...#...#...#..#
#..#.########'##'####'####.#..#
#..#.# #....#....#....#.'..#
#..### ,#....#....#....###..#
#..+ + #....#....#....#.#..#
#MM# * ,#....#....#....#.#..#
#..#,#####################.'..#
#..###....'M..... #....###..#
#..'MM....#......, ,#....#.#..#
#..#.#....# ..!?! , #....'.#..#
#..#.#....#


MMM? , #....#.'..# #..########,,,$M$ ########..# #..'.#....# M? #....'.#..#
#..#.#....#, !, ,#....#.#..# #..#.'....# #....#.'..# #..###....# , ,#....###..#
#..'.#####################.#..# #..#.#....#....#....#....#.#..#
#..#.#....#....#....#....#.'..# #..###....#....#....#....###..#
#..'.#....#....#....#....#.#..# #..#.###'####'##'####'####.#..#
#..#...#...#...#...#...#...#..# You could see Menkaure and a mummy.

Vanquished Creatures
  A scorpion (D:3)
  3 centaur zombies (Ossuary)
  A hell rat (Sewer)
  An orc wizard (D:3)
  An ogre zombie (Ossuary)
  2 mummies (Ossuary)
  2 adders (D:3)
  4 river rats
  5 adder zombies (Ossuary)
  A dart slug (D:2)
  2 orcs (D:3)
  6 endoplasms
  2 giant cockroaches
  8 goblins
  4 hobgoblins
  4 jackals (D:2)
  4 kobolds
  6 quokkas
  9 ball pythons
  6 bats
  8 frilled lizards
  A gnoll zombie (Ossuary)
  6 goblin zombies (Ossuary)
  2 hobgoblin zombies (Ossuary)
  4 kobold zombies (Ossuary)
  3 quokka zombies (Ossuary)
  12 rats
  2 rat zombies (Ossuary)
110 creatures vanquished.

Notes
Turn   | Place    | Note
-------+----------+-------------------------------------------
     0 | D:1      | Abuh the Hill Orc Fighter began the quest for the Orb.
     0 | D:1      | Reached XP level 1. HP: 19/19 MP: 1/1
    74 | D:1      | Reached skill level 3 in Axes
   145 | D:1      | Reached XP level 2. HP: 22/27 MP: 2/2
   457 | D:1      | Found a faded altar of an unknown god.
   616 | D:1      | Reached skill level 4 in Axes
   645 | D:1      | Reached XP level 3. HP: 32/33 MP: 3/3
   817 | D:1      | Gained mutation: You are frail. (-10% HP) [potion of
                  | mutation]
   817 | D:1      | Gained mutation: You passively map a small area around you.
                  | [potion of mutation]
   817 | D:1      | Gained mutation: You are partially covered in large bone
                  | plates. (SH +4) [potion of mutation]
  1464 | D:3      | Reached XP level 4. HP: 36/36 MP: 4/4
  1468 | D:3      | Reached skill level 5 in Axes
  1585 | D:3      | Noticed a scorpion
  1594 | D:3      | Killed a scorpion
  1595 | D:3      | Reached skill level 6 in Axes
  1595 | D:3      | Reached XP level 5. HP: 15/42 MP: 5/5
  1614 | D:3      | Reached skill level 5 in Fighting
  1926 | D:3      | Found a glowing drain.
  2002 | Sewer    | Entered a sewer
  2080 | Sewer    | Reached XP level 6. HP: 50/50 MP: 6/6
  2185 | D:3      | Identified the +0 leather armour of Gehyoxyj {rElec}
  2526 | D:4      | Found a sand-covered staircase.
  2544 | Ossuary  | Entered an ossuary
  2557 | Ossuary  | Reached skill level 7 in Axes
  3017 | Ossuary  | Noticed Menkaure
  3053 | Ossuary  | Slain by Menkaure

Illustrated notes

Levels and vault maps discovered:
D:1:      dpeg_arrival_rhombi, layout_basic, hellmonk_ecumenical_altar_zigzags
D:2:      layout_rooms
D:3:      layout_loops_ring, portal_sewer_entry_a
D:4:      kennysheep_spiral_hall, layout_basic, minmay_temple_entry_sparse_star,
          nicolae_ossuary_entry_false_entrances, serial_shops,
          nicolae_take_the_stairs, patterned_corridor
Ossuary:  ossuary_boxes_badplayer

Skill      XL: |  1  2  3  4  5  6 |
---------------+-------------------+-----
Axes           | 3 4 6 7 |  7.9
Fighting       | 4 5 |  5.9
Armour         | |  3.2
Shields        | |  3.2

Action                     |  1- 3 |  4- 6 || total
---------------------------+-------+-------++-------
  Melee: War axe           |   129 |   194 ||   323
    Use: Scroll            |     7 |     2 ||     9
         Potion            |     3 |     2 ||     5
 Armour: Scale mail        |    59 |    49 ||   108
  Dodge: Dodged            |    66 |    62 ||   128
  Block: Buckler           |    42 |    78 ||   120

Table legend: (Time is in decaauts)
 A = Elapsed time spent in this place.
 B = Non-inter-level travel time spent in this place.
 C = Inter-level travel time spent in this place.
 D = Time resting spent in this place.
 E = Time spent auto-exploring this place.
 F = Levels seen in this place.
 G = Mean time per level.
                   A        B        C        D        E       F      G
               +--------+--------+--------+--------+--------+-----+--------+
         Total |   3153 |   3067 |     86 |    574 |   1546 |   6 |  525.5 |
       Dungeon |   2505 |   2419 |     86 |    407 |   1371 |   4 |  626.2 |
         Sewer |    121 |    121 |      0 |     20 |      0 |   1 |  121.0 |
       Ossuary |    526 |    526 |      0 |    147 |    175 |   1 |  526.0 |
               +--------+--------+--------+--------+--------+-----+--------+

Top non-repeatable levels by time:
     D:3: 988 daAuts
     D:1: 859 daAuts
     D:2: 635 daAuts
 Ossuary: 526 daAuts
   Sewer: 121 daAuts
     D:4: 21 daAuts
